 Dungeon Crawl Stone Soup version 0.26.1-11-gd32895ea62 (webtiles) character file.

Game seed: 6179962983724949819

2075 phalm the Destroyer (level 9, 66/66 HPs)
             Began as a Demonspawn Conjurer on June 20, 2021.
             Quit the game on level 6 of the Dungeon.
             The game lasted 00:16:23 (9334 turns).

phalm the Destroyer (Demonspawn Conjurer)           Turns: 9334, Time: 00:16:23

Health: 66/66      AC:  7    Str:  7    XL:     9   Next: 6%
Magic:  18/18      EV: 12    Int: 23    God:
Gold:   351        SH:  0    Dex: 12    Spells: 10/17 levels left

rFire    + . .     SeeInvis +   j - +1 lajatang
rCold    . . .     Faith    .   (shield currently unavailable)
rNeg     . . .     Spirit   .   e - +0 robe
rPois    .         Reflect  .   (no helmet)
rElec    .         Harm     .   u - +1 cloak
rCorr    .         Rampage  .   (no gloves)
Will     .....     Rnd*Rage +   (no boots)
Stlth    +++.......             (no amulet)
HPRegen  0.21/turn              Q - ring of stealth
MPRegen  0.16/turn              v - ring of see invisible

@: hasted, very quick
A: hooves 1, yellow scales 2, berserk 2, blurry vision 1, fire resistance 1,
high mp 1, spiny 1
a: no special abilities


You were on level 6 of the Dungeon.
You visited 1 branch of the dungeon, and saw 6 of its levels.
You also visited: Ossuary.

You collected 351 gold pieces.


Innate Abilities, Weirdness & Mutations

You have large cloven feet.
You are mostly covered in yellow scales. (AC +3)
Your flesh is heat resistant. (rF+)
You are partially covered in sharp spines.
You often lose your temper in combat.
Scrolls take you a little longer to read.
You have an increased reservoir of magic. (+10% MP)


   Skills:
 + Level 4.7 Fighting
 - Level 1.7 Dodging
 - Level 1.7 Stealth
 + Level 4.9 Spellcasting
 * Level 8.3 Conjurations
 * Level 5.6 Translocations


You had 10 spell levels left.
You knew the following spells:

 Your Spells              Type           Power        Failure   Level
m - Magic Dart            Conj           100%         1%          1
s - Searing Ray           Conj           86%          1%          2
X - Iskenderun's Mystic   Conj/Tloc      37%          5%          4

Your spell library contained the following spells:

 Spells                   Type           Power        Failure   Level
 Dazzling Flash           Conj/Hex       48%          5%          3
 Fulminant Prism          Conj/Hex       12%          17%         4

Inventory:

Hand Weapons
 a - a +0 short sword
   (You took it off a kobold on level 1 of the Dungeon)
 j - a +1 lajatang (weapon)
   (You found it on level 4 of the Dungeon)
 l - a +0 halberd
   (You took it off a gnoll on level 2 of the Dungeon)
Missiles
 b - 288 stones
 c - 36 sling bullets
 g - 58 bolts
 k - 22 poisoned darts (quivered)
 B - 4 boomerangs
 C - 2 throwing nets {=f!f}
 D - 51 arrows
Armour
 e - a +0 robe (worn)
   (You found it on level 1 of the Dungeon)
 u - a +1 cloak (worn)
   (You found it on level 3 of the Dungeon)
Jewellery
 v - a ring of see invisible (right hand)
   (You took it off a hobgoblin on level 1 of the Dungeon)
 Q - a ring of stealth (left hand)
   (You found it on level 1 of the Dungeon)
Wands
 z - a wand of disintegration (14)
   (You took it off Ijyb on level 4 of the Dungeon)
 I - a wand of paralysis (5)
   (You found it on level 5 of the Dungeon)
Scrolls
 d - 3 scrolls of fear
 i - 5 scrolls of amnesia
 m - 2 scrolls of enchant armour
 q - a scroll of fog
 r - a scroll of remove curse {@r2}
 s - 3 scrolls of teleportation {@r4}
 w - a scroll of blinking {!r}
Potions
 f - a potion of ambrosia
 t - 3 potions of resistance
 x - 2 potions of flight
 A - 2 potions of might

Dungeon Overview and Level Annotations

Branches:
Dungeon (6/15)            Ossuary (visited)
 Temple: D:4-7

Altars:
Gozag
Nemelex Xobeh
Xom
Yredelemnul

Shops:
D:5

* #.♣♣♣♣♣≈.≈P♣♣≈♣
#..≈≈≈≈≈≈≈≈≈≈≈..
##♣PPPP≈≈.♣P≈♣♣.#
♣♣♣♣♣P≈♣♣♣♣♣ .#
♣♣.≈♣ .. ♣P≈P♣ .#
♣Po♣♣ .# ♣♣F♣♣..#
#o@oo# ######


You could see a friendly bullfrog (summoned), a friendly orc wizard (summoned)
and 3 friendly orcs.


Message History

Your experience leads to an increase in your attributes!
Increase (S)trength, (I)ntelligence, or (D)exterity?
You feel clever.
Your demonic ancestry asserts itself...
Sharp spines emerge from parts of your body. 😎 HP[+5] MP[-1]
You now have 66 max hp (+5).
Your hp is fully restored (66).
Things that are here:
a +0 giant spiked club; an ogre corpse; 😎 MP[+7]
Your mp is fully restored (16).
k - 22 poisoned darts (gained 1)
You now have 351 gold pieces (gained 12).
Found a stone staircase leading up.
A centaur comes into view.
Casting: Searing Ray (safe; 1% risk of failure)
Confirm with . or Enter, or press ? or * to list all spells.
Aiming: Magic Dart (safe; 1% risk of failure)
Press: ? - help, Shift-Dir - straight line, f - centaur
Aim: a centaur, quivering 16 arrows (asleep, 0% to evade)
The magic dart hits the centaur.
The centaur shouts!
The centaur wields a cursed -2 shortbow.
The centaur shoots an arrow.
The arrow hits you but does no damage. 😎 MP[-1]
You lost 1 mp, and now have 15/16 mp.
Casting: Magic Dart (safe; 1% risk of failure)
Confirm with . or Enter, or press ? or * to list all spells.
Aiming: Magic Dart (safe; 1% risk of failure)
Press: ? - help, Shift-Dir - straight line, f/p - centaur
Aim: a centaur, wielding a -2 shortbow and quivering 15 arrows (lightly wounded, 0% to evade)
The magic dart hits the centaur.
The centaur shoots an arrow.
The arrow hits you. 😕 HP[-6] MP[-1]
You take 6 damage, and now have 60/66 hp.
You lost 1 mp, and now have 14/16 mp. 😕 HP[+1]
Casting: Magic Dart (safe; 1% risk of failure)
Confirm with . or Enter, or press ? or * to list all spells.
Aiming: Searing Ray (safe; 1% risk of failure)
Press: ? - help, Shift-Dir - straight line, f/p - centaur
Aim: a centaur, wielding a -2 shortbow and quivering 14 arrows (moderately wounded, 11% to evade)
The searing ray hits the centaur! (Press . to maintain the ray.)
The centaur shoots an arrow.
The arrow hits you!
The centaur shoots an arrow.
The arrow hits you. 😕 HP[-11] MP[-2]
You take 11 damage, and now have 50/66 hp.
You lost 2 mp, and now have 12/16 mp.
The searing ray hits the centaur!
You kill the centaur! 😕 MP[-1]
You lost 1 mp, and now have 11/16 mp.
D - 37 arrows (gained 2)
D - 39 arrows (gained 2)
D - 51 arrows (gained 12)
Things that are here:
a cursed -2 shortbow; a centaur corpse 😎 HP[+16] MP[+5]
Your hp is fully restored (66).
Your mp is fully restored (16).
You enter the shallow water.
Moving in this stuff is going to be slow.
You enter the shallow water.
Moving in this stuff is going to be slow.
You enter the shallow water.
Moving in this stuff is going to be slow.
You enter the shallow water.
Moving in this stuff is going to be slow.
You enter the shallow water.
Moving in this stuff is going to be slow.
o - a scroll of identify {@r1}
As you read the scroll of identify {@r1}, it crumbles to dust.
f - a potion of ambrosia
Okay, then.
Blink to where?
Press: ? - help, Dir - move target
As you read the scroll labelled LAXOMIA ZICKOOT, it crumbles to dust.
It was a scroll of blinking.
As you read the scroll labelled LYILER GIFA, it crumbles to dust.
The scroll dissolves into smoke.
It was a scroll of fog.
As you read the scroll labelled CAIFRA QIATUKO, it crumbles to dust.
It is a scroll of enchant weapon.
Your +0 lajatang glows red for a moment.
As you read the scroll labelled FOSHRE OTROKOLE, it crumbles to dust.
A profound silence engulfs you.
It was a scroll of silence.
Okay, then.
You start waiting.
Your hearing returns.
Done waiting.
As you read the scroll labelled WAKUAF DAQE, it crumbles to dust.
Wisps of shadow whirl around you...
It was a scroll of summoning.
Okay, then.
It was a potion of heal wounds.
You feel much better.
It was a potion of haste.
You feel yourself speed up.
It was a potion of mutation.
You feel extremely strange.
You feel a little pissed off.
Your vision blurs.
You feel angry.
You feel more energetic.
Your orc hits something.
It was a potion of magic.
Magic courses through your body. 😎 MP[+2]
Your mp is fully restored (18).
Are you sure you want to abandon this character and quit the game? (Confirm with "yes".)

Skill      XL: |  1  2  3  4  5  6  7  8 |
---------------+-------------------------+-----
Fighting       | 1 2 3 4 |  4.7
Conjurations   | 5 6 7 8 |  8.3
Spellcasting   | 3 4 |  4.9
Translocations | 1 2 4 5 |  5.6
Dodging        | |  1.7
Stealth        | |  1.7

Action                   |  1- 3 |  4- 6 |  7- 9 || total
-------------------------+-------+-------+-------++-------
Melee: Unarmed           |    31 |       |       ||    31
       Short sword       |    18 |       |       ||    18
       Halberd           |       |     8 |       ||     8
       Lajatang          |       |    52 |    14 ||    66
       Kick              |       |    12 |     3 ||    15
Throw: Stone             |    24 |    16 |       ||    40
       Dart              |     4 |     4 |    12 ||    20
 Cast: Magic Dart        |    89 |   186 |    85 ||   360
       Searing Ray       |     1 |     9 |    33 ||    43
Evoke: Wand              |       |       |     4 ||     4
  Use: Scroll            |       |     7 |    10 ||    17
       Potion            |       |       |     4 ||     4
 Stab: Sleeping          |       |     1 |       ||     1
Armor: Robe              |    24 |    29 |    11 ||    64
Dodge: Dodged            |    70 |    49 |    41 ||   160

Levels and vault maps discovered:
D:1:      dpeg_arrival_simpleton_a, layout_basic
D:2:      layout_basic
D:3:      layout_rooms
D:4:      corexii_shack_village, layout_loops_ring,
          gammafunk_temple_overflow_wave, lemuel_doored_altar,
          chequers_ossuary_entry_cave, uniq_ijyb
D:5:      layout_gridville, nicolae_gozag_zags_fifth_avenue, minmay_circle_x,
          uniq_prince_ribbit1
D:6:      layout_cave_pools, dancing_weapons_uskayaw, vehumet_crystals,
          lemuel_round_altar, serial_bayou, serial_bayou_pond_a,
          serial_bayou_crossing, serial_bayou_shore_b, serial_bayou_lagoon_b,
          minmay_stone_trees_small, st_stairs_6, small_statue_intersection

Notes
Turn   | Place    | Note
-------+----------+-------------------------------------------
     0 | D:1      | phalm the Demonspawn Conjurer began the quest for the Orb.
     0 | D:1      | Reached XP level 1. HP: 13/13 MP: 3/3
     0 | D:1      | magus.rc [v1.9.10]
   236 | D:1      | Gained mutation: Your flesh is heat resistant. (rF+)
                  | [demonic ancestry]
   236 | D:1      | Reached XP level 2. HP: 15/20 MP: 0/5
   239 | D:1      | Learned a level 2 spell: Searing Ray
   939 | D:1      | Reached skill level 1 in Fighting
  1175 | D:1      | Gained mutation: You are partially covered in yellow
                  | scales. (AC +2) [demonic ancestry]
  1175 | D:1      | Reached XP level 3. HP: 26/26 MP: 3/6
  2002 | D:2      | HP: 6/26 [hobgoblin/+0 club (1)]
  2309 | D:2      | Gained mutation: You have large cloven feet. [demonic
                  | ancestry]
  2309 | D:2      | Reached XP level 4. HP: 28/32 MP: 1/7
  2339 | D:2      | Reached skill level 5 in Conjurations
  2929 | D:3      | Learned a level 4 spell: Iskenderun's Mystic Blast
  3310 | D:3      | Reached skill level 2 in Fighting
  3541 | D:3      | Reached XP level 5. HP: 38/38 MP: 3/9
  3727 | D:4      | Reached skill level 3 in Spellcasting
  3787 | D:4      | Found a sand-covered staircase.
  3796 | Ossuary  | Entered an ossuary
  3928 | Ossuary  | Reached skill level 1 in Translocations
  4561 | Ossuary  | HP: 9/38 [elf zombie (3)]
  4563 | Ossuary  | Reached XP level 6. HP: 11/46 MP: 1/10
  4854 | Ossuary  | Reached skill level 2 in Translocations
  5312 | D:4      | Reached skill level 6 in Conjurations
  5578 | D:4      | Noticed Ijyb
  5582 | D:4      | Killed Ijyb
  5722 | D:4      | Reached skill level 3 in Fighting
  5722 | D:4      | Reached XP level 7. HP: 52/52 MP: 3/12
  5837 | D:4      | Found a basalt altar of Yredelemnul.
  5855 | D:4      | Reached skill level 3 in Translocations
  6501 | D:4      | Found a shimmering altar of Xom.
  6501 | D:4      | Found a sparkling altar of Nemelex Xobeh.
  6678 | D:5      | Entered Level 5 of the Dungeon
  6678 | D:5      | Found an opulent altar of Gozag.
  6706 | D:5      | Found Gozag's Platinum Reserve.
  7045 | D:5      | Reached skill level 4 in Spellcasting
  7252 | D:5      | Noticed Prince Ribbit
  7259 | D:5      | Killed Prince Ribbit
  7260 | D:5      | Reached skill level 7 in Conjurations
  7260 | D:5      | Reached skill level 4 in Translocations
  7260 | D:5      | Gained mutation: You are mostly covered in yellow scales.
                  | (AC +3) [demonic ancestry]
  7260 | D:5      | Reached XP level 8. HP: 43/60 MP: 9/14
  7720 | D:5      | Reached skill level 4 in Fighting
  8483 | D:6      | Reached skill level 5 in Translocations
  8541 | D:6      | Reached skill level 8 in Conjurations
  9009 | D:6      | Gained mutation: You are partially covered in sharp spines.
                  | [demonic ancestry]
  9009 | D:6      | Reached XP level 9. HP: 66/66 MP: 9/16
  9332 | D:6      | Gained mutation: You tend to lose your temper in combat.
                  | [potion of mutation]
  9332 | D:6      | Gained mutation: Scrolls take you a little longer to read.
                  | [potion of mutation]
  9332 | D:6      | Gained mutation: You often lose your temper in combat.
                  | [potion of mutation]
  9332 | D:6      | Gained mutation: You have an increased reservoir of magic.
                  | (+10% MP) [potion of mutation]
  9334 | D:6      | Quit the game

Vanquished Creatures
  Prince Ribbit (D:5)
  A water moccasin (D:5)
  A black bear (D:6)
  2 ice beasts (D:5)
  A phantom (D:4)
  2 ogres (D:6)
  3 centaurs
  An elf zombie (Ossuary)
  A bullfrog (D:4)
  A water moccasin skeleton (D:6)
  An electric eel (D:6)
  A bullfrog zombie (D:5)
  2 human zombies (Ossuary)
  An orc wizard (D:4)
  A quasit (D:6)
  A bullfrog skeleton (D:6)
  2 orc priests
  2 iguanas (D:5)
  Ijyb (D:4)
  2 worker ants
  A killer bee zombie (D:5)
  2 big kobold zombies (Ossuary)
  2 mummies (Ossuary)
  10 adders
  10 gnolls
  A shadow imp (D:5)
  3 white imps
  An ooze (D:4)
  3 worms
  3 leopard geckos
  18 orcs
  6 bats
  7 giant cockroaches
  11 goblins
  11 hobgoblins
  8 kobolds
  2 quokkas
  2 ball pythons (D:3)
  5 frilled lizards
  8 hobgoblin zombies (Ossuary)
  A jackal zombie (Ossuary)
  14 kobold zombies (Ossuary)
  A leopard gecko zombie (D:5)
  8 orc zombies (Ossuary)
  7 rats
  A rat zombie (Ossuary)
174 creatures vanquished.

Vanquished Creatures (others)
  2 plants (D:6)
2 creatures vanquished.

Grand Total: 176 creatures vanquished

Table legend:
 A = Non-vault XP
 B = Vault XP
 C = Vault XP percentage of total XP
 D = Non-vault monster count
 E = Vault monster count
 F = Vault count percentage of total count
                 A         B        C        D         E       F
            +---------+---------+-------+---------+---------+-------
      Total |    2149 |     816 |  27.5 |     117 |      57 |  32.8
            +---------+---------+-------+---------+---------+-------
        D:1 |      46 |       0 |   0.0 |      28 |       0 |   0.0
        D:2 |     108 |       0 |   0.0 |      18 |       0 |   0.0
        D:3 |      46 |       0 |   0.0 |      17 |       0 |   0.0
        D:4 |     486 |      59 |  10.8 |      20 |      12 |  37.5
        D:5 |     718 |     401 |  35.8 |      15 |       4 |  21.1
        D:6 |     745 |      55 |   6.9 |      19 |       2 |   9.5
    Ossuary |       0 |     301 | 100.0 |       0 |      39 | 100.0
            +---------+---------+-------+---------+---------+-------

Illustrated notes

Table legend:
 A = Kills in this place as a percentage of kills in entire the game.
 B = Kills by you in this place as a percentage of kills by you in the entire game.
 C = Kills by friends in this place as a percentage of kills by friends in the entire game.
 D = Other kills in this place as a percentage of other kills in the entire game.
 E = Experience gained in this place as a percentage of experience gained in the entire game.
 F = Experience gained in this place divided by the number of levels of this place that you have seen.
                   A       B       C       D       E      F
               +-------+-------+-------+-------+-------+----------------------
         Total | 100.0 | 100.0 |   N/A |   N/A | 100.0 | 423.6
       Dungeon |  77.6 |  77.6 |   N/A |   N/A |  89.8 | 444.0
       Ossuary |  22.4 |  22.4 |   N/A |   N/A |  10.2 | 301.0
               +-------+-------+-------+-------+-------+----------------------

Table legend: (Time is in decaauts)
 A = Elapsed time spent in this place.
 B = Non-inter-level travel time spent in this place.
 C = Inter-level travel time spent in this place.
 D = Time resting spent in this place.
 E = Time spent auto-exploring this place.
 F = Levels seen in this place.
 G = Mean time per level.
                   A        B        C        D        E       F      G
               +--------+--------+--------+--------+--------+-----+--------+
         Total |   9371 |   9226 |    145 |    160 |   7789 |   7 | 1338.7 |
       Dungeon |   7919 |   7774 |    145 |    153 |   6681 |   6 | 1319.8 |
       Ossuary |   1452 |   1452 |      0 |      7 |   1108 |   1 | 1452.0 |
               +--------+--------+--------+--------+--------+-----+--------+

Top non-repeatable levels by time:
     D:5: 1695 daAuts
     D:4: 1562 daAuts
     D:2: 1541 daAuts
 Ossuary: 1452 daAuts
     D:1: 1281 daAuts
     D:6: 971 daAuts
     D:3: 867 daAuts
